 Dungeon Crawl Stone Soup version 0.27-a0-333-gfa571bf19a (console) character file.

Game seed: 13667891519939807478

98 jejorda2 the Chopper (level 4, 0/61 HPs)
             Began as a Hill Orc Berserker on Feb 12, 2021.
             Was a Believer of Trog.
             Slain by Natasha (2 damage)
             ... on level 2 of the Dungeon.
             The game lasted 00:02:55 (1624 turns).

jejorda2 the Chopper (Hill Orc Berserker)           Turns: 1624, Time: 00:02:56

Health: 0/61       AC:  1    Str: 20    XL:     4   Next: 69%
Magic:  4/4        EV: 12    Int:  7    God:    Trog [**....]
Gold:   82         SH:  0    Dex: 10    Spells: 3/3 levels left

rFire    + . .     SeeInvis .   a - +0 hand axe
rCold    . . .     Faith    .   (no shield)
rNeg     . . .     Spirit   .   (no armour)
rPois    .         Reflect  .   e - +0 helmet
rElec    .         Harm     .   (no cloak)
rCorr    .         Rampage  .   (no gloves)
Will     .....                  (no boots)
Stlth    ..........             (no amulet)
HPRegen  0.20/turn              i - ring of protection from fire
MPRegen  0.09/turn              (no ring)

@: berserking, very quick
A: no striking features
a: Renounce Religion, Berserk, Trog's Hand


You were on level 2 of the Dungeon.
You worshipped Trog.
Trog was pleased with you.
You visited 1 branch of the dungeon, and saw 2 of its levels.

You collected 82 gold pieces.

Inventory:

Hand Weapons
 a - a +0 hand axe (weapon)
Missiles
 b - 3 boomerangs
Armour
 d - a +0 ring mail
 e - a +0 helmet (worn)
Jewellery
 i - a ring of protection from fire (left hand)
Scrolls
 c - 2 scrolls of magic mapping {unknown}
 f - 5 scrolls of identify {unknown}
Potions
 g - a potion of heal wounds {unknown}
 h - a potion of curing {unknown}
 j - a potion of cancellation {unknown}


   Skills:
 + Level 4.4 Fighting
 * Level 5.6 Axes
 + Level 3.2 Armour
 - Level 1.5 Dodging


You had 3 spell levels left.
You didn't know any spells.
Your spell library was empty.

Dungeon Overview and Level Annotations

Branches:
Dungeon (2/15)

Altars:
Xom

Annotations:
D:2 Natasha


Message History

The leopard gecko is heavily wounded.
You closely miss the crimson imp.
The leopard gecko completely misses you.
You hit the leopard gecko.
You kill the leopard gecko!
Trog accepts your kill.
You hit the crimson imp. You closely miss something.
You closely miss the kobold. The crimson imp hits you.
The kobold closely misses you. Something claws you but does no damage.
You closely miss something. You hit the crimson imp.
You hit the kobold but do no damage.
The crimson imp blinks!
The kobold hits you with a +0 dagger. Something claws you!
You barely miss something. You hit the kobold.
You kill the kobold!
Trog accepts your kill.
The crimson imp lashes its tail.
Something claws you.
You closely miss something.
You hit the crimson imp but do no damage.
You hear some strange, mumbled words.
The crimson imp hits you.
You closely miss something. You miss the crimson imp.
You hit the crimson imp but do no damage.
Something claws you. The crimson imp hits you.
The crimson imp shouts, "Crawl home, thou bumbling tip-merry pot-faker!"
The crimson imp hits you.
* * * LOW HITPOINT WARNING * * *
You miss something.
You hit the crimson imp but do no damage.
You closely miss the crimson imp. Something claws you.
* * * LOW HITPOINT WARNING * * *
The crimson imp misses you. The crimson imp barely misses you.
A red film seems to cover your vision as you go berserk!
You feel yourself moving faster!
You feel mighty! Something claws you.
* * * LOW HITPOINT WARNING * * *
The crimson imp closely misses you. The crimson imp hits you.
* * * LOW HITPOINT WARNING * * *
You slash something! You slash the crimson imp!
You closely miss the crimson imp. Something claws you.
You die...

#........(......###
#.................
#...............#
#........)......#
#....(†)†.......#### #
.[.#...###.........#.###
........##..............
.........####..$.5......
.........# ####@.......
.........# #...{5......
....(...## #...........
...#...## #...........
######## #...........
............
#............
.......#.....


You could see 2 crimson imps.

Vanquished Creatures
  4 adders (D:2)
  2 oozes (D:2)
  4 dart slugs (D:1)
  A leopard gecko (D:2)
  An orc (D:2)
  A giant cockroach (D:2)
  7 goblins
  5 hobgoblins
  3 bats
  2 frilled lizards
  7 kobolds
  8 rats
45 creatures vanquished.

Notes
Turn   | Place    | Note
-------+----------+-------------------------------------------
     0 | D:1      | jejorda2 the Hill Orc Berserker began the quest for the
                  | Orb.
     0 | D:1      | Reached XP level 1. HP: 19/19 MP: 1/1
   237 | D:1      | Reached XP level 2. HP: 24/27 MP: 2/2
   630 | D:1      | Reached XP level 3. HP: 25/33 MP: 3/3
   792 | D:1      | Reached ** piety under Trog
  1049 | D:2      | Found a shimmering altar of Xom.
  1057 | D:2      | Reached skill level 5 in Axes
  1402 | D:2      | Reached XP level 4. HP: 40/40 MP: 4/4
  1610 | D:2      | Noticed Natasha
  1623 | D:2      | HP: 3/61 [something (4)]
  1624 | D:2      | Slain by Natasha

Illustrated notes

Levels and vault maps discovered:
D:1:      dpeg_arrival_refuge, layout_basic, amcnicky_mini_rare_corridor_liquid
D:2:      layout_rooms, brannock_xom_greatest_gift, uniq_natasha

Skill      XL: |  1  2  3  4 |
---------------+-------------+-----
Fighting       | 4 |  4.4
Axes           | 5 |  5.6
Armour         | 3 |  3.2
Dodging        | |  1.5

Action                   |  1- 3 |  4- 6 || total
-------------------------+-------+-------++-------
Melee: Hand axe          |    84 |    45 ||   129
Invok: Berserk           |     1 |     1 ||     2
Armor: Animal skin       |     4 |       ||     4
       Skin              |     4 |     8 ||    12
Dodge: Dodged            |    51 |    40 ||    91

Table legend: (Time is in decaauts)
 A = Elapsed time spent in this place.
 B = Non-inter-level travel time spent in this place.
 C = Inter-level travel time spent in this place.
 D = Time resting spent in this place.
 E = Time spent auto-exploring this place.
 F = Levels seen in this place.
 G = Mean time per level.
                   A        B        C        D        E       F      G
               +--------+--------+--------+--------+--------+-----+--------+
         Total |   1638 |   1570 |     68 |     31 |   1238 |   2 |  819.0 |
       Dungeon |   1638 |   1570 |     68 |     31 |   1238 |   2 |  819.0 |
               +--------+--------+--------+--------+--------+-----+--------+

Top non-repeatable levels by time:
     D:1: 1400 daAuts
     D:2: 238 daAuts
